[Event "Titled Tuesday Blitz February 14 Early 2023"]
[White "Kukhmazov, Arsen"]
[Black "Eynullayev, Atilla"]
[WhiteFideId "24108260"]
[BlackFideId "13413570"]
[WhiteElo "2512"]
[BlackElo "2281"]
[Result "1-0"]
[Round "03"]
[TimeControl "180+2"]
[Date "2023.02.15"]
[WhiteClock "0:00:09"]
[BlackClock "0:00:04"]

1. Nf3 Nf6 2. c4 e6 3. e3 d5 4. b3 c5 5. Bb2 Nc6 6. cxd5 exd5 7. Be2 d4 8. Bb5 Bd6 9. exd4 O-O 10. Bxc6 bxc6 11. O-O cxd4 12. Nxd4 c5 13. Nf3 Bg4 14. d4 Ne4 15. dxc5 Bxc5 16. Nc3 Bxf3 17. Qxf3 Nd2 18. Qg3 Nxf1 19. Rxf1 f6 20. Ne4 Be7 21. Qg4 Qc8 22. Qe2 Qf5 23. Ng3 Qc5 24. Rc1 Qb4 25. Rc4 Qb7 26. Qe6+ Rf7 27. Nf5 Bf8 28. h4 Qd7 29. Qe4 Re8 30. Qg4 Kh8 31. Kh2 g6 32. Ne3 Qxg4 33. Nxg4 Bg7 34. Ra4 f5 35. Bxg7+ Kxg7 36. Ne3 f4 37. Nd5 Re2 38. f3 Rd7 39. Nxf4 Rb2 40. Ne6+ Kf6 41. Ra6 Ke7 42. Nf4 Kf7 43. Kg3 Kg7 44. h5 gxh5 45. Nxh5+ Kf7 46. Rf6+ Ke7 47. Ra6 Rc2 48. Nf4 Kf7 49. Kg4 Kg8 50. g3 Rg7+ 51. Kh4 Rh2+ 52. Nh3 Rf2 53. Nxf2 1-0


[Site "https://www.chess.com"]

[Event "Titled Tuesday Blitz February 14 Early 2023"]
[White "Lortkipanidze, Nodar"]
[Black "Nguyen Hong Nhung"]
[WhiteFideId "13604058"]
[BlackFideId "12412201"]
[WhiteElo "2406"]
[BlackElo "2003"]
[Result "1-0"]
[Round "03"]
[TimeControl "180+2"]
[Date "2023.02.15"]
[WhiteClock "0:02:28"]
[BlackClock "0:01:27"]

1. e4 c5 2. c3 Nf6 3. e5 Nd5 4. d4 cxd4 5. Qxd4 e6 6. Nf3 Nc6 7. Qe4 f5 8. exf6 Nxf6 9. Qh4 Be7 10. Bd3 d5 11. Bg6+ Kf8 12. Bg5 Kg8 13. Bc2 e5 14. O-O e4 15. Nd4 Nxd4 16. cxd4 h6 17. Bxf6 Bxf6 18. Qh5 Be6 19. Nc3 Bf7 20. Qf5 Qc8 21. Qf4 Kh7 22. Bb3 Rd8 23. Rac1 Bg5 24. Qxf7 Bxc1 25. Rxc1 Qg4 26. Bxd5 Rf8 27. Bxe4+ Kh8 28. Qg6 Qxg6 29. Bxg6 Rac8 30. Rd1 Rf6 31. Be4 Rb6 32. Rd2 Kg8 33. f3 Kf8 34. d5 Rd8 35. Kf2 Ke7 36. f4 Kd6 37. Bf3 Kc7 38. Ne4 Kb8 39. d6 a6 40. Bg4 Rb4 41. Re2 Rd4 42. d7 b5 43. g3 b4 44. h4 a5 45. h5 a4 46. Nc5 a3 47. bxa3 bxa3 48. Re8 1-0


[Site "https://www.chess.com"]

[Event "Titled Tuesday Blitz February 14 Early 2023"]
[White "Turzo, Attila"]
[Black "Dimitrov, Atanas"]
[WhiteFideId "704954"]
[BlackFideId "2901315"]
[WhiteElo "2279"]
[BlackElo "2269"]
[Result "1-0"]
[Round "03"]
[TimeControl "180+2"]
[Date "2023.02.15"]
[WhiteClock "0:01:25"]
[BlackClock "0:00:56"]

1. d4 Nf6 2. c4 g6 3. Nc3 d5 4. Nf3 Bg7 5. Qb3 dxc4 6. Qxc4 O-O 7. e4 a6 8. Be2 b5 9. Qb3 c5 10. dxc5 Be6 11. Qc2 Nc6 12. Be3 Qa5 13. O-O Rac8 14. Rfd1 Ng4 15. Bg5 h6 16. Bh4 g5 17. Bg3 Nb4 18. Qb1 Nc6 19. Nd5 b4 20. h3 Nge5 21. Nxe5 Bxd5 22. Rxd5 1-0


[Site "https://www.chess.com"]

[Event "Titled Tuesday Blitz February 14 Early 2023"]
[White "Fiorito, Francisco"]
[Black "Ajay, Karthikeyan"]
[WhiteFideId "180165"]
[BlackFideId "35011685"]
[WhiteElo "2305"]
[BlackElo "2454"]
[Result "0-1"]
[Round "03"]
[TimeControl "180+2"]
[Date "2023.02.15"]
[WhiteClock "0:00:06"]
[BlackClock "0:00:15"]

1. d4 f5 2. Nc3 e6 3. e4 fxe4 4. Nxe4 Nf6 5. Nxf6+ Qxf6 6. Nf3 b6 7. Bg5 Qf7 8. Bd3 Bd6 9. Qe2 Bb7 10. Be4 Bxe4 11. Qxe4 Nc6 12. d5 Nb4 13. a3 Nxd5 14. c4 O-O 15. cxd5 exd5 16. Qd3 Rae8+ 17. Be3 c5 18. O-O Qh5 19. h3 d4 20. Bxd4 cxd4 21. Qxd4 Bc5 22. Qc4+ d5 23. Qd3 Rxf3 24. Qxf3 Qxf3 25. gxf3 Re2 26. Rae1 Rxb2 27. Re8+ Kf7 28. Ra8 a5 29. Kg2 Bxa3 30. Ra7+ Kf6 31. Rc1 Bc5 32. Rf1 h6 33. f4 d4 34. Kf3 d3 35. Ke4 Rxf2 36. Rxf2 Bxf2 37. Kxd3 g6 38. Ke4 h5 39. Rc7 Bc5 40. Rc6+ Kf7 41. Ke5 a4 42. Rc7+ Ke8 43. Ke6 Kd8 44. Ra7 a3 45. Kf6 b5 46. Ra5 b4 47. Kxg6 b3 48. f5 b2 49. Rb5 a2 50. Rxc5 b1=Q 51. Rd5+ Ke7 52. Re5+ Kf8 53. Rc5 a1=Q 54. Rc8+ Ke7 55. Rc7+ Kd6 0-1


[Site "https://www.chess.com"]

[Event "Titled Tuesday Blitz February 14 Early 2023"]
[White "Mahdavi, Reza"]
[Black "Andreev, Konstantin"]
[WhiteFideId "12595926"]
[BlackFideId "24239305"]
[WhiteElo "2339"]
[BlackElo "2195"]
[Result "1-0"]
[Round "03"]
[TimeControl "180+2"]
[Date "2023.02.15"]
[WhiteClock "0:02:19"]
[BlackClock "0:01:59"]

1. e4 c5 2. Nf3 e6 3. c3 d5 4. exd5 Qxd5 5. d4 Nf6 6. Na3 a6 7. Nc4 Qd8 8. Be2 b5 9. Ne3 Bb7 10. a4 cxd4 11. Nxd4 b4 12. Bf3 Qb6 13. a5 Qc7 14. Qa4+ Nbd7 15. cxb4 Rb8 16. Bd2 e5 17. Rc1 Qd6 18. Nef5 1-0


[Site "https://www.chess.com"]

[Event "Titled Tuesday Blitz February 14 Early 2023"]
[White "Womacka, Mathias"]
[Black "Alex_Sahakyan2006"]
[WhiteFideId "4611390"]
[WhiteElo "2396"]
[BlackElo "2715"]
[Result "0-1"]
[Round "03"]
[TimeControl "180+2"]
[Date "2023.02.15"]
[WhiteClock "0:01:06"]
[BlackClock "0:01:30"]

1. e4 c5 2. Nf3 e6 3. d4 cxd4 4. Nxd4 Nc6 5. Nc3 Qc7 6. Be3 a6 7. Bd3 Nf6 8. O-O Nxd4 9. Bxd4 Bc5 10. Be2 d6 11. Bxc5 Qxc5 12. Qd3 O-O 13. Rad1 Rd8 14. Kh1 b5 15. a3 Bb7 16. f4 Rac8 17. e5 Ne8 18. Ne4 Bxe4 19. Qxe4 d5 20. Qf3 Qxc2 21. f5 Qxf5 22. Qe3 Qe4 23. Qg3 Qxe2 0-1


[Site "https://www.chess.com"]

[Event "Titled Tuesday Blitz February 14 Early 2023"]
[White "Ponce Cano, Adrian"]
[Black "Vaibhav Jayant Raut"]
[WhiteFideId "22296913"]
[BlackFideId "5089034"]
[WhiteElo "2210"]
[BlackElo "2237"]
[Result "0-1"]
[Round "03"]
[TimeControl "180+2"]
[Date "2023.02.15"]
[WhiteClock "0:02:26"]
[BlackClock "0:02:31"]

1. e4 e5 2. Nf3 Nc6 3. c3 Nf6 4. d4 exd4 5. e5 Nd5 6. cxd4 d6 7. exd6 Bxd6 8. Be2 O-O 9. O-O h6 10. Nc3 Nf4 11. Bxf4 Bxf4 12. d5 Ne5 13. Nxe5 Bxe5 14. Bf3 a6 15. Re1 Bd6 16. Ne4 Bf5 17. Nxd6 Qxd6 18. Rc1 Rfe8 19. Rxe8+ Rxe8 20. Qb3 Qc5 21. Rd1 Bc2 22. Qa4 Bxa4 0-1


[Site "https://www.chess.com"]

[Event "Titled Tuesday Blitz February 14 Early 2023"]
[White "Fiorito, Joaquin"]
[Black "Degenbaev, Aziz"]
[WhiteFideId "180173"]
[BlackFideId "13802640"]
[WhiteElo "2405"]
[BlackElo "2203"]
[Result "0-1"]
[Round "03"]
[TimeControl "180+2"]
[Date "2023.02.15"]
[WhiteClock "0:00:10"]
[BlackClock "0:00:11"]

1. d4 Nf6 2. Nc3 d5 3. Bf4 g6 4. e3 Bg7 5. h4 h5 6. Nf3 O-O 7. Ne5 c5 8. Qd2 Nc6 9. f3 cxd4 10. exd4 a6 11. O-O-O Be6 12. Bh6 Qa5 13. Bxg7 Kxg7 14. Kb1 Rfd8 15. g4 hxg4 16. h5 Nxe5 17. dxe5 Nxh5 18. a3 Rh8 19. Qg5 Qc5 20. fxg4 Ng3 21. Rxh8 Rxh8 22. Bd3 d4 23. Ne4 Nxe4 24. Bxe4 Rh2 25. Qf4 Rh4 26. Bf3 Qc4 27. b3 Qc5 28. Rxd4 Qxa3 29. Rd1 Rh3 30. Bg2 Bxb3 31. cxb3 Rxb3+ 32. Kc2 Qb2# 0-1


[Site "https://www.chess.com"]

[Event "Titled Tuesday Blitz February 14 Early 2023"]
[White "Hansen, Sune Berg"]
[Black "Donskov, Anatoly"]
[WhiteFideId "1400266"]
[BlackFideId "24143413"]
[WhiteElo "2517"]
[BlackElo "2279"]
[Result "0-1"]
[Round "03"]
[TimeControl "180+2"]
[Date "2023.02.15"]
[WhiteClock "0:00:23"]
[BlackClock "0:00:10"]

1. e4 c5 2. Nf3 e6 3. d3 d5 4. Nbd2 Nf6 5. g3 Nc6 6. Bg2 g6 7. O-O Bg7 8. Re1 O-O 9. c3 Kh8 10. exd5 exd5 11. Nb3 b6 12. Bf4 h6 13. d4 c4 14. Nbd2 Be6 15. b3 b5 16. bxc4 bxc4 17. Qa4 Qd7 18. Qa3 Kh7 19. h4 Rfe8 20. Ne5 Nxe5 21. Bxe5 Qe7 22. Qa6 Qd7 23. Rab1 Ng4 24. Bxg7 Kxg7 25. Rb7 Qc8 26. Qb5 Rb8 27. Rxb8 Qxb8 28. Rb1 Qd8 29. Re1 Qb8 30. Qa4 Rd8 31. Qa3 Qc7 32. Nf1 Rb8 33. Ne3 Nxe3 34. Rxe3 Rb1+ 35. Kh2 Qb7 36. Qd6 Rb2 37. Qe5+ Kh7 38. Qf6 Rb6 39. h5 gxh5 40. Re5 Bg4 41. Qf4 Rd6 42. f3 Be6 43. Rxh5 Bc8 44. g4 Qe7 45. g5 Rg6 46. Rxh6+ Rxh6+ 47. gxh6 Be6 48. Qg3 Kxh6 49. f4 Qf6 50. Bf3 Qg6 51. Qh4+ Kg7 52. Qg5 Qxg5 53. fxg5 Kg6 54. Kg3 Kxg5 55. Bg2 f6 56. Bf3 f5 57. Bg2 f4+ 58. Kf2 Bf7 59. Bf3 Kf5 60. Bg2 Kf6 61. Kf3 Kg5 62. Kf2 Be6 63. Bf3 Kf6 64. Bg2 Ke7 65. Kf3 Kd6 66. Kxf4 Bf7 67. Kg5 Be6 68. Kf6 a5 69. Bf3 a4 70. a3 Bd7 71. Bd1 Bc6 72. Bc2 Bd7 73. Bf5 Bc6 74. Be6 Bb5 75. Bf5 Bc6 76. Bc2 Bb5 77. Bd1 Bc6 78. Bg4 Bb5 79. Kf7 Bc6 80. Bh5 Bb5 81. Kf8 Bd7 82. Be8 Bxe8 83. Kxe8 Ke6 84. Kd8 Kf5 85. Kc7 Ke4 86. Kd6 Kd3 87. Kxd5 Kxc3 88. Ke5 Kb3 89. d5 c3 90. d6 c2 91. d7 c1=Q 92. d8=Q Qxa3 93. Qd5+ Kb2 94. Qd2+ Kb3 95. Qd3+ Ka2 96. Qc4+ Qb3 97. Qc5 Qb2+ 98. Kf4 a3 99. Kg3 Qb3+ 100. Kh2 Qb2+ 101. Kh3 Kb1 102. Qf5+ Qc2 103. Qb5+ Kc1 104. Qf1+ Kb2 105. Qb5+ Qb3+ 0-1


[Site "https://www.chess.com"]

[Event "Titled Tuesday Blitz February 14 Early 2023"]
[White "Dragomirescu, Angela"]
[Black "Taspinar, Yanki"]
[WhiteFideId "1209914"]
[BlackFideId "34561188"]
[WhiteElo "2130"]
[BlackElo "2262"]
[Result "0-1"]
[Round "03"]
[TimeControl "180+2"]
[Date "2023.02.15"]
[WhiteClock "0:00:20"]
[BlackClock "0:00:05"]

1. e4 e6 2. d4 d5 3. Nc3 Bb4 4. e5 c5 5. a3 Bxc3+ 6. bxc3 Qc7 7. Qg4 Ne7 8. Qxg7 Rg8 9. Qxh7 cxd4 10. Ne2 dxc3 11. f4 Nbc6 12. h4 Bd7 13. h5 O-O-O 14. Qd3 d4 15. h6 Rh8 16. Nxd4 Nxd4 17. Qxd4 Nf5 18. Qxa7 Bc6 19. Be3 Nxe3 20. Qxe3 Qd7 21. Qxc3 Qd5 22. Bd3 Qxg2 23. O-O-O Qf3 24. Rdf1 Qd5 25. Rh2 Qa2 26. Qb2 Qd5 27. Rd2 Kb8 28. Qb4 Rxh6 29. f5 Qxe5 30. Re2 Qa1+ 31. Qb1 Qxa3+ 32. Qb2 Qxb2+ 33. Kxb2 Bd5 34. Re5 Rh4 35. Rg1 Kc7 36. Rg7 Kd6 37. Re1 Ke7 38. Rf1 Kf6 39. Rgg1 e5 40. Re1 Bc6 41. Re3 e4 42. Bc4 Rh2 43. Rge1 Rdd2 44. Bb3 Ke5 45. Rg3 f6 46. Rg7 Kxf5 47. Rf1+ Rdf2 48. Re1 Kf4 49. Rf7 f5 50. Be6 Rxc2+ 51. Kb1 Rb2+ 52. Ka1 Rbe2 53. Rxf5+ Ke3 54. Rb1 Rd2 55. Rb3+ Rd3 56. Rb4 Rd1+ 57. Rb1 Rxb1+ 58. Kxb1 Rf2 59. Rh5 Kd4 60. Rh4 Ke5 61. Bc4 e3 62. Kc1 Be4 63. Rh3 Kd4 64. Bb5 Rc2+ 65. Kd1 Rc5 66. Bf1 Ra5 0-1


[Site "https://www.chess.com"]

[Event "Titled Tuesday Blitz February 14 Early 2023"]
[White "Khamdamova, Afruza"]
[Black "Klabis, Rokas"]
[WhiteFideId "14210444"]
[BlackFideId "12805246"]
[WhiteElo "2162"]
[BlackElo "2415"]
[Result "1-0"]
[Round "03"]
[TimeControl "180+2"]
[Date "2023.02.15"]
[WhiteClock "0:00:23"]
[BlackClock "0:01:05"]

1. e4 e5 2. Nf3 Nc6 3. Bb5 g6 4. c3 Bg7 5. O-O a6 6. Ba4 b5 7. Bc2 Nf6 8. d4 d6 9. Nbd2 exd4 10. cxd4 O-O 11. Re1 Re8 12. h3 Nb4 13. Bb1 c5 14. Nf1 Nc6 15. d5 Na5 16. Ng3 Nc4 17. Bd3 Nb6 18. Bf4 Qe7 19. Rc1 Nfd7 20. b3 Ne5 21. Nxe5 Bxe5 22. Bxe5 Qxe5 23. Qd2 Bd7 24. Kh2 Qd4 25. Ne2 Qf6 26. f4 Rac8 27. Qa5 Qd8 28. Ng3 c4 29. bxc4 Nxc4 30. Qxd8 Rexd8 31. Bxc4 bxc4 32. Rc3 Re8 33. e5 Rc5 34. Ne4 Ra5 35. Nf6+ Kg7 36. Nxd7 dxe5 37. Rxe5 Rd8 38. Nb6 Rxa2 39. Rxc4 Rb8 40. Rc6 Rb2 41. Nd7 R8b7 42. Nf6 Rd2 43. Ne4 Re2 44. Nc5 Rbb2 45. Rxe2 Rxe2 46. Nxa6 Rd2 47. Nc7 h6 48. d6 g5 49. Nb5 gxf4 50. Kg1 Kf6 51. d7+ Ke7 52. Rd6 Rxd6 53. Nxd6 Kxd7 54. Nxf7 h5 55. Ne5+ Ke6 56. Nd3 Kf5 57. Kf2 Ke4 58. Ne1 Kf5 59. Nf3 Ke4 60. Nh4 Ke5 61. Kf3 1-0


[Site "https://www.chess.com"]

[Event "Titled Tuesday Blitz February 14 Early 2023"]
[White "Kochetov, Andrey"]
[Black "Belozerov, Andrei"]
[WhiteFideId "24130532"]
[BlackFideId "4120213"]
[WhiteElo "2165"]
[BlackElo "2461"]
[Result "1-0"]
[Round "03"]
[TimeControl "180+2"]
[Date "2023.02.15"]
[WhiteClock "0:00:17"]
[BlackClock "0:00:18"]

1. e4 c5 2. Nf3 Nc6 3. d4 cxd4 4. Nxd4 Nf6 5. f3 e5 6. Nb5 Bc5 7. c4 O-O 8. N1c3 d6 9. Nd5 Nxd5 10. cxd5 Nd4 11. Nxd4 Bxd4 12. Qb3 f5 13. Bd3 Qh4+ 14. g3 Qh5 15. Ke2 fxe4 16. Bxe4 Bf5 17. g4 Bxg4 18. fxg4 Qxg4+ 19. Bf3 Qg6 20. Be3 Bxe3 21. Qxe3 Qc2+ 22. Ke1 Rf4 23. Rf1 Raf8 24. Be2 Qxb2 25. Rc1 Rf2 26. Rxf2 Rf4 27. Rxf4 exf4 28. Qxf4 Qb4+ 29. Qd2 Qh4+ 30. Kd1 h5 31. Rc8+ Kf7 32. Qd3 Qf4 33. Qf3 Qxf3 34. Bxf3 g5 35. Bxh5+ Kf6 36. Bg4 Ke5 37. Rf8 Kxd5 38. Rf5+ Kd4 39. Rxg5 Ke3 40. Rd5 Kf4 41. Rxd6 Kxg4 42. Rd7 Kh3 43. Rxb7 Kxh2 44. Rxa7 Kg3 45. Rb7 Kf4 46. a4 Ke5 47. a5 Kd6 48. a6 Kc6 49. Rb1 Kc7 50. a7 Kc6 51. a8=Q+ Kc7 52. Qa6 Kd8 53. Rb7 Kc8 54. Qa8# 1-0


[Site "https://www.chess.com"]

[Event "Titled Tuesday Blitz February 14 Early 2023"]
[White "Kanyamarala, Tarun"]
[Black "Papasimakopoulos, Alexandros"]
[WhiteFideId "45004714"]
[BlackFideId "4244125"]
[WhiteElo "2342"]
[BlackElo "2401"]
[Result "0-1"]
[Round "03"]
[TimeControl "180+2"]
[Date "2023.02.15"]
[WhiteClock "0:00:52"]
[BlackClock "0:01:00"]

1. d4 e6 2. c4 Nf6 3. Nc3 Bb4 4. e3 O-O 5. Bd3 c5 6. Ne2 cxd4 7. exd4 d5 8. cxd5 Nxd5 9. O-O Nc6 10. Re1 b6 11. a3 Nxc3 12. bxc3 Be7 13. Be4 Bb7 14. Qc2 h6 15. Ng3 Rc8 16. Qe2 Na5 17. Qf3 Bxe4 18. Nxe4 Nb3 19. Rb1 Nxc1 20. Rbxc1 Qd5 21. a4 Qa5 22. Qd1 Rc7 23. Qb3 Rfc8 24. Rcd1 Qd5 25. Qb1 Rc4 26. Qc2 Rxd4 27. Rxd4 Qxd4 28. g3 Qc4 29. Rd1 Qc7 30. Qd3 Rd8 31. Qe2 Rxd1+ 32. Qxd1 Qc4 33. Qc2 f5 34. Nd2 Qe2 0-1


[Site "https://www.chess.com"]

[Event "Titled Tuesday Blitz February 14 Early 2023"]
[White "Tisaj, Domen"]
[Black "surrenderPLS"]
[WhiteFideId "14628708"]
[WhiteElo "2386"]
[BlackElo "2491"]
[Result "0-1"]
[Round "03"]
[TimeControl "180+2"]
[Date "2023.02.15"]
[WhiteClock "0:00:32"]
[BlackClock "0:00:16"]

1. Nf3 Nf6 2. b3 g6 3. Bb2 Bg7 4. e4 d6 5. d3 O-O 6. g3 e5 7. Bg2 Nc6 8. O-O Re8 9. Nbd2 d5 10. Re1 dxe4 11. Nxe4 Nxe4 12. Rxe4 f5 13. Re1 e4 14. Bxg7 exf3 15. Rxe8+ Qxe8 16. Bc3 fxg2 17. Qd2 Qf7 18. Re1 Be6 19. Qh6 Re8 20. h4 Bd7 21. Rxe8+ Bxe8 22. Kxg2 Ne7 23. Bb2 c5 24. Qe3 Bc6+ 25. Kf1 b6 26. Qe5 Kf8 27. Qb8+ Be8 28. Qxa7 Qe6 29. Qc7 Kf7 30. a4 Bc6 31. Be5 Qd7 32. Qxb6 Qd5 33. Qc7 Ke6 34. Bf4 Qh1+ 35. Ke2 Bf3+ 36. Kd2 Qd1+ 0-1


[Site "https://www.chess.com"]

[Event "Titled Tuesday Blitz February 14 Early 2023"]
[White "Morefield, Jason"]
[Black "Slade, Theodore"]
[WhiteFideId "30920825"]
[BlackFideId "426547"]
[WhiteElo "2167"]
[BlackElo "1995"]
[Result "1-0"]
[Round "03"]
[TimeControl "180+2"]
[Date "2023.02.15"]
[WhiteClock "0:00:08"]
[BlackClock "0:00:05"]

1. b3 e5 2. Bb2 Nc6 3. e3 d6 4. Nf3 g6 5. d4 Bg7 6. dxe5 Nge7 7. Nbd2 Nxe5 8. Nxe5 Bxe5 9. Bxe5 dxe5 10. Bd3 O-O 11. h4 Bf5 12. e4 Be6 13. h5 Kg7 14. Qe2 Nc6 15. c3 a5 16. Qe3 Rh8 17. h6+ Kg8 18. Rd1 Qe7 19. Bb5 f6 20. Bxc6 bxc6 21. a4 Kf7 22. O-O Rhb8 23. c4 Rd8 24. f4 Kg8 25. fxe5 fxe5 26. Nf3 Rxd1 27. Rxd1 Bg4 28. Rf1 Bxf3 29. Rxf3 Rd8 30. Qa7 Rd1+ 31. Rf1 Rxf1+ 32. Kxf1 Qf8+ 33. Ke2 Qxh6 34. Qxa5 Qh5+ 35. Kd3 Qd1+ 36. Qd2 Qxb3+ 37. Qc3 Qxa4 38. Qxe5 Qd1+ 39. Ke3 Qe1+ 40. Kf3 Qf1+ 41. Kg3 Qxc4 42. Qe8+ Kg7 43. e5 Qd3+ 44. Kh2 Qd2 45. Qe7+ Kh6 46. Qf8+ Kh5 47. e6 Qf4+ 48. Qxf4 g5 49. Qf5 Kh6 50. Qf6+ Kh5 51. Kh3 g4+ 52. Kg3 c5 53. Kf4 g3 54. Qg5# 1-0


[Site "https://www.chess.com"]

[Event "Titled Tuesday Blitz February 14 Early 2023"]
[White "Vagman, Roy"]
[Black "Stoleriu, George"]
[WhiteFideId "2828995"]
[BlackFideId "1227505"]
[WhiteElo "2273"]
[BlackElo "2390"]
[Result "0-1"]
[Round "03"]
[TimeControl "180+2"]
[Date "2023.02.15"]
[WhiteClock "0:00:01"]
[BlackClock "0:00:07"]

1. c4 e5 2. Nc3 Nc6 3. g3 g6 4. Bg2 Bg7 5. Nf3 d6 6. O-O f5 7. d3 Nf6 8. Rb1 a5 9. Bg5 h6 10. Bxf6 Bxf6 11. a3 O-O 12. Nd2 Ne7 13. Qc2 c6 14. b4 axb4 15. axb4 d5 16. cxd5 cxd5 17. Nb5 Bd7 18. Nc3 Be6 19. Rfc1 Rc8 20. Qb2 e4 21. Qb3 Qd7 22. Na4 d4 23. Qa3 Ra8 24. b5 Nd5 25. Nc4 Be7 26. Qb3 Rfc8 27. dxe4 Nc3 28. Nab6 Bxc4 29. Nxc4 Qe6 30. exf5 Qxc4 31. Qxc4+ Rxc4 32. Bd5+ Nxd5 33. Rxc4 Nc3 34. Re1 gxf5 35. Rxd4 Bf6 36. Rd7 Rb8 37. Kf1 Nxb5 38. Red1 Nc3 39. R1d6 Ne4 40. Rd5 b5 41. Rxf5 b4 42. f3 b3 43. fxe4 b2 44. Rd1 b1=Q 45. Rxb1 Rxb1+ 46. Kg2 Kg7 47. h4 Rb4 48. Kf3 Rb3+ 49. Kg2 Re3 50. Rf4 Rxe2+ 51. Kf3 Re1 52. Kg4 Be5 53. Rf3 Rxe4+ 54. Kf5 Re1 55. g4 Bc7 56. g5 h5 57. Re3 Rxe3 58. g6 Re5+ 0-1


[Site "https://www.chess.com"]

[Event "Titled Tuesday Blitz February 14 Early 2023"]
[White "Skliarov, Viktor"]
[Black "Grycel, Kamil"]
[WhiteFideId "14106736"]
[BlackFideId "1115499"]
[WhiteElo "2383"]
[BlackElo "2315"]
[Result "1-0"]
[Round "03"]
[TimeControl "180+2"]
[Date "2023.02.15"]
[WhiteClock "0:00:07"]
[BlackClock "0:01:14"]

1. e4 b6 2. d4 Bb7 3. Bd3 Nf6 4. Qe2 Nc6 5. c3 e5 6. d5 Ne7 7. Nf3 Ng6 8. g3 c6 9. h4 h5 10. dxc6 Bxc6 11. Ng5 Be7 12. c4 Bb4+ 13. Kf1 O-O 14. a3 Bc5 15. Nc3 Ng4 16. f3 Nf2 17. Rh2 f6 18. Nh3 Nxd3 19. Qxd3 Qe7 20. b4 Bd4 21. Be3 f5 22. Bxd4 fxe4 23. Nxe4 exd4 24. Neg5 Ne5 25. Qh7# 1-0


[Site "https://www.chess.com"]

[Event "Titled Tuesday Blitz February 14 Early 2023"]
[White "Taichman, Ori"]
[Black "Piesik, Piotr"]
[WhiteFideId "2804069"]
[BlackFideId "1136194"]
[WhiteElo "2299"]
[BlackElo "2426"]
[Result "0-1"]
[Round "03"]
[TimeControl "180+2"]
[Date "2023.02.15"]
[WhiteClock "0:00:07"]
[BlackClock "0:00:43"]

1. e4 g6 2. h4 h5 3. d4 c6 4. f3 d5 5. Be3 Nh6 6. Nd2 dxe4 7. Nxe4 Nf5 8. Bf2 Bg7 9. Ne2 Nd7 10. g4 hxg4 11. fxg4 Nd6 12. Nxd6+ exd6 13. Qd3 Nf6 14. g5 Ng4 15. Bg3 Bf5 16. Qa3 d5 17. O-O-O Bf8 18. Qb3 Qb6 19. Qf3 Qa5 20. a3 Qa4 21. Rd2 Be4 22. Qxg4 Bxh1 23. Bh3 Be7 24. Qd7+ Kf8 25. Qxb7 Rd8 26. Nc3 Qc4 27. Bc7 Rxh4 28. Bxd8 Bxd8 29. Be6 Qf1+ 30. Nd1 Bxg5 31. Qb8+ Kg7 32. Qe5+ Qf6 33. Qxf6+ Kxf6 34. Bd7 Rh2 0-1


[Site "https://www.chess.com"]

[Event "Titled Tuesday Blitz February 14 Early 2023"]
[White "Manukian, Artak"]
[Black "Fromm, Marius"]
[WhiteFideId "13301373"]
[BlackFideId "12993190"]
[WhiteElo "2196"]
[BlackElo "2457"]
[Result "1-0"]
[Round "03"]
[TimeControl "180+2"]
[Date "2023.02.15"]
[WhiteClock "0:00:48"]
[BlackClock "0:00:29"]

1. e4 c5 2. Nf3 d6 3. Bb5+ Nd7 4. O-O a6 5. Bd3 Ngf6 6. Re1 b5 7. c4 Bb7 8. cxb5 axb5 9. Bxb5 Bxe4 10. Nc3 Bb7 11. d4 cxd4 12. Qxd4 e5 13. Bg5 Be7 14. Qh4 O-O 15. Rad1 h6 16. Bxh6 gxh6 17. Qxh6 Nh7 18. Bd3 f5 19. Bxf5 Rxf5 20. Qg6+ Kh8 21. Qxf5 Qe8 22. Ne4 Ra6 23. h4 Ndf6 24. Nxf6 Nxf6 25. Ng5 Rxa2 26. Rxd6 Ra6 27. Rxa6 Bxa6 28. Qxe5 1-0


[Site "https://www.chess.com"]

[Event "Titled Tuesday Blitz February 14 Early 2023"]
[White "Sai Han Thiha"]
[Black "Katz, Alexander"]
[WhiteFideId "13012290"]
[BlackFideId "2039796"]
[WhiteElo "2070"]
[BlackElo "2470"]
[Result "1-0"]
[Round "03"]
[TimeControl "180+2"]
[Date "2023.02.15"]
[WhiteClock "0:00:07"]
[BlackClock "0:00:06"]

1. e4 c6 2. d4 d5 3. e5 Bf5 4. Nd2 e6 5. Nb3 Nd7 6. Nf3 Ne7 7. Be2 Nc8 8. a4 Be7 9. O-O O-O 10. Be3 a5 11. Nc5 Qc7 12. c3 Bxc5 13. dxc5 Nxe5 14. Nd4 Bg6 15. f4 Nd7 16. b4 Ne7 17. g4 Be4 18. Bf3 e5 19. Bxe4 exd4 20. Bxh7+ Kxh7 21. Bxd4 Nf6 22. g5 Ne4 23. f5 Rh8 24. Qg4 Kg8 25. Rf4 Re8 26. h4 Nd2 27. h5 Ne4 28. f6 Ng6 29. hxg6 fxg6 30. fxg7 Rh7 31. Raf1 Rxg7 32. Bxg7 Qxg7 33. Qg2 Qxc3 34. Rf7 Qd4+ 35. Kh1 Qe3 36. Qh2 Ng3+ 37. Kg2 Qe2+ 38. Kxg3 Re3+ 39. R1f3 Qe1+ 40. Kg4 Re4+ 41. R7f4 Rxf4+ 42. Qxf4 Qe6+ 43. Kg3 Qe1+ 44. Rf2 Qg1+ 45. Kf3 Qh1+ 46. Ke2 Qh5+ 47. Qf3 Qxg5 48. Qf7+ Kh8 49. Rh2+ Qh5+ 50. Rxh5+ gxh5 51. Qxh5+ 1-0


[Site "https://www.chess.com"]

[Event "Titled Tuesday Blitz February 14 Early 2023"]
[White "Weetik, Vjacheslav"]
[Black "Balabayeva, Xeniya"]
[WhiteFideId "4153472"]
[BlackFideId "13719688"]
[WhiteElo "2423"]
[BlackElo "2191"]
[Result "1-0"]
[Round "03"]
[TimeControl "180+2"]
[Date "2023.02.15"]
[WhiteClock "0:00:03"]
[BlackClock "0:00:00"]

1. d4 d5 2. c4 e6 3. Nc3 Nf6 4. cxd5 exd5 5. Bg5 Be7 6. e3 c6 7. Bd3 Nbd7 8. Nge2 Nh5 9. Bxe7 Qxe7 10. Qd2 Nb6 11. O-O g6 12. f3 O-O 13. e4 Ng7 14. Rae1 Be6 15. Qh6 f5 16. Nf4 Qf7 17. e5 Bd7 18. Nd1 Ne6 19. Nxe6 Bxe6 20. Nf2 Rac8 21. Nh3 Qg7 22. Qd2 c5 23. Nf4 Qe7 24. Qa5 c4 25. Bc2 Ra8 26. Qc5 Rfe8 27. b3 Rac8 28. Qa5 Ra8 29. Rc1 Rec8 30. Kh1 Qd7 31. h3 Rc6 32. b4 Rcc8 33. Qa3 Qe7 34. Qe3 Bf7 35. a3 Be6 36. Qf2 Kg7 37. Qg3 1-0


[Site "https://www.chess.com"]

[Event "Titled Tuesday Blitz February 14 Early 2023"]
[White "Kavutskiy, Konstantin"]
[Black "Skvortsov, Andrei"]
[WhiteFideId "2026384"]
[BlackFideId "24108600"]
[WhiteElo "2414"]
[BlackElo "2313"]
[Result "1-0"]
[Round "03"]
[TimeControl "180+2"]
[Date "2023.02.15"]
[WhiteClock "0:00:05"]
[BlackClock "0:00:02"]

1. d4 b5 2. e4 Bb7 3. Bd3 a6 4. Nd2 e6 5. Qe2 c5 6. c3 Nc6 7. Ngf3 cxd4 8. cxd4 Nf6 9. O-O Rc8 10. a3 d6 11. d5 Nb8 12. dxe6 fxe6 13. e5 dxe5 14. Nxe5 Bd6 15. Ndf3 O-O 16. b4 Qe7 17. Bb2 Nc6 18. Ng5 Nxe5 19. Bxe5 Bxe5 20. Qxe5 Rfd8 21. Rad1 Bd5 22. Rfe1 Re8 23. h3 Qc7 24. Qxc7 Rxc7 25. Nxh7 Nxh7 26. Bxh7+ Kxh7 27. Rxd5 exd5 28. Rxe8 Rc3 29. Rd8 Rxa3 30. Rxd5 Ra4 31. Rd6 Ra2 32. g3 Kg8 33. Kg2 Kf7 34. Rb6 Ra4 35. h4 Kg8 36. h5 Kh8 37. h6 gxh6 38. Rxh6+ Kg7 39. Rb6 Kf7 40. f4 Rxb4 41. Rxa6 Rb1 42. Kf3 b4 43. Rb6 b3 44. Kg4 b2 45. f5 Ke7 46. Rb3 Kf6 47. Rb6+ Kf7 48. Kg5 Rg1 49. Rb7+ Kg8 50. Rxb2 Rxg3+ 51. Kf6 Ra3 52. Rb8+ Kh7 53. Rb7+ Kg8 54. Rb6 Ra7 55. Rb8+ Kh7 56. Re8 Ra6+ 57. Kf7 Rb6 58. f6 Ra6 59. Ke7 Ra7+ 60. Ke6 Ra6+ 61. Kf7 Ra7+ 62. Re7 Ra6 63. Kf8+ Kg6 64. f7 Ra8+ 65. Re8 Ra7 66. Re6+ Kf5 67. Re1 Kg6 68. Kg8 Rc7 69. f8=Q 1-0


[Site "https://www.chess.com"]